 Dungeon Crawl Stone Soup version 0.25-a0-860-gf695395b5c (webtiles) character file.

Game seed: 14258183668819226651, levelgen mode: deterministic

66 Error4North the Skirmisher (level 4, -3/41 HPs)
             Began as a Hill Orc Fighter on Apr 28, 2020.
             Slain by an ogre
             ... wielding a +0 giant club
              (11 damage)
             ... on level 2 of the Dungeon.
             The game lasted 00:02:11 (926 turns).

Error4North the Skirmisher (Hill Orc Fighter)        Turns: 926, Time: 00:02:12

Health: -3/41      AC: 10    Str: 19    XL:     4   Next: 15%
Magic:  4/4        EV:  7    Int:  8    God:
Gold:   72         SH:  9    Dex: 10    Spells: 3/3 levels left

rFire    . . .     SeeInvis .   a - +0 war axe
rCold    . . .     Gourm    .   c - +0 kite shield
rNeg     . . .     Faith    .   b - +0 scale mail
rPois    .         Spirit   .   (no helmet)
rElec    .         Reflect  .   (no cloak)
rCorr    .         Harm     .   i - +0 pair of gloves
MR       .....                  g - +1 pair of boots
Stlth    ..........             (no amulet)
HPRegen  0.13/turn              (no ring)
MPRegen  0.09/turn              (no ring)

@: mighty, lethally poisoned (-3 -> -6)
A: no striking features
a: no special abilities


You were on level 2 of the Dungeon.
You were not hungry.

You visited 1 branch of the dungeon, and saw 2 of its levels.

You collected 72 gold pieces.

Inventory:

Hand Weapons
 a - a +0 war axe (weapon)
Armour
 b - a +0 scale mail (worn)
 c - a +0 kite shield (worn)
 g - a +1 pair of boots (worn)
 i - a +0 pair of gloves (worn)
Scrolls
 e - 2 scrolls of identify {unknown}
 j - 2 scrolls of teleportation {unknown}
 m - a scroll of enchant armour {unknown}
Potions
 h - 3 potions of lignification {unknown}
 k - a potion of flight {unknown}
 l - a potion of mutation {unknown}
Comestibles
 f - 4 rations
 n - a chunk of flesh


   Skills:
 * Level 4.4 Fighting
 + Level 3.5 Axes
 * Level 3.8 Armour
 * Level 3.9 Shields


You had 3 spell levels left.
You didn't know any spells.
Your spell library was empty.

Dungeon Overview and Level Annotations

Branches:
Dungeon (2/15)

Altars:


Message History

You miss the adder.
The adder is severely wounded.
You slash the ogre! The adder barely misses you.
The ogre hits you with a +0 giant club! The adder bites you but does no damage.
You hit the adder.
You kill the adder!
You hit the ogre.
You feel sick. You block the ogre's attack.
You feel very mighty all of a sudden.
You feel sick. You block the ogre's attack.
You slash the ogre!
The ogre is severely wounded.
You block the ogre's attack.
You barely miss the ogre.
The ogre is severely wounded.
You feel sick. The ogre hits you with a +0 giant club.
* * * LOW HITPOINT WARNING * * *
You barely miss the ogre.
The ogre is severely wounded.
You feel sick. The ogre hits you with a +0 giant club!
You die...

.... ...# #..# #..#
#..# #!)# #..#
.######).##### .##
.......@.#... .. .
####...#O#.### .# .##.#
.......)..(((##.##.##.#
#.##...#...............
# #.#.............#..#
#.#...........####..#
#.#............# #..#
#.#.............# #..#
. .........##.######.<#


You could see an ogre.

Vanquished Creatures
  A bullfrog skeleton (D:2)
  2 adders (D:2)
  2 dart slugs (D:1)
  A giant cockroach (D:2)
  2 goblins (D:1)
  A hobgoblin (D:1)
  3 bats
  2 frilled lizards (D:1)
  3 kobolds
  4 rats (D:1)
21 creatures vanquished.

Notes
Turn   | Place    | Note
-------+----------+-------------------------------------------
     0 | D:1      | Error4North the Hill Orc Fighter began the quest for the
                  | Orb.
     0 | D:1      | Reached XP level 1. HP: 19/19 MP: 1/1
   215 | D:1      | Reached XP level 2. HP: 26/27 MP: 2/2
   653 | D:2      | Noticed an ogre
   671 | D:2      | Reached skill level 4 in Fighting
   671 | D:2      | Reached XP level 3. HP: 15/33 MP: 3/3
   915 | D:2      | Reached XP level 4. HP: 32/41 MP: 4/4
   926 | D:2      | Slain by an ogre

Levels and vault maps discovered:
D:1:      tarquinn_simple_flora_water_a, layout_loops_ring
D:2:      wad_pebble_path, layout_loops_ring,
          chequers_temple_overflow_statue_of_worship, serial_glass,
          glass_columns_c, glass_columns_a, due_unseen_surprise,
          item_on_display_a, minmay_strange_pillars

Skill      XL: |  1  2 |
---------------+-------+-----
Fighting       | 4 |  4.4
Axes           | 3 |  3.5
Armour         | |  3.8
Shields        | |  3.9

Action                   |  1- 3 |  4- 6 || total
-------------------------+-------+-------++-------
Melee: War axe           |    50 |     7 ||    57
  Use: Potion            |       |     1 ||     1
Armor: Scale mail        |    24 |     2 ||    26
Dodge: Dodged            |    26 |     2 ||    28
Block: Kite shield       |    26 |     6 ||    32

Table legend:
 A = Non-vault XP
 B = Vault XP
 C = Vault XP percentage of total XP
 D = Non-vault monster count
 E = Vault monster count
 F = Vault count percentage of total count
                 A         B        C        D         E       F
            +---------+---------+-------+---------+---------+-------
      Total |      95 |       0 |   0.0 |      21 |       0 |   0.0
            +---------+---------+-------+---------+---------+-------
        D:1 |      25 |       0 |   0.0 |      14 |       0 |   0.0
        D:2 |      70 |       0 |   0.0 |       7 |       0 |   0.0
            +---------+---------+-------+---------+---------+-------
